 Dungeon Crawl Stone Soup version 0.31-a0-152-g6aa68a64a1 (webtiles) character file.

Game seed: 1076906621486166110

18 qw the Shield-Bearer (level 2, -1/19 HPs)
             Began as a Gargoyle Fighter on June 10, 2023.
             Slain by a gnoll
             ... wielding a +0 flail
              (3 damage)
             ... on level 1 of the Dungeon.
             The game lasted 00:00:11 (176 turns).

qw the Shield-Bearer (Gargoyle Fighter)              Turns: 176, Time: 00:00:11

Health: -1/19      AC:  9    Str: 19    XL:     2   Next: 66%
Magic:  2/2        EV:  9    Int:  8    God:
Gold:   24         SH:  4    Dex:  9    Spells: 1/1 levels left

rFire   . . .        a - +0 war axe
rCold   . . .        c - +0 buckler
rNeg    + . .        b - +0 scale mail
rPois   inf          (no helmet)
rElec   +            (no cloak)
rCorr   .            (no gloves)
SInv    .            (no boots)
Will    .....        (no amulet) Stlth
                     (no ring)
HPRegen 0.23/turn    (no ring)
MPRegen 0.08/turn

%: no passive effects
@: no status effects
A: sickness immunity, AC +2, negative energy resistance 1, electricity
resistance, torment resistance 1, petrification resistance
a: no special abilities


You were on level 1 of the Dungeon.
You visited 1 branch of the dungeon, and saw 1 of its levels.

You collected 24 gold pieces.


Innate Abilities, Weirdness & Mutations

You are immune to sickness and miasma.
Your stone body is resilient. (AC +2)
You are immune to poison.
You resist negative energy. (rN+)
You are resistant to electric shocks. (rElec)
You are resistant to unholy torment.
You are immune to petrification.


   Skills:
 - Level 3.2 Fighting
 + Level 2.9 Axes
 - Level 3.2 Armour
 - Level 3.2 Shields


You had one spell level left.
You didn't know any spells.
Your spell library was empty.

Inventory:

Hand Weapons
 a - a +0 war axe (weapon)
Armour
 b - a +0 scale mail (worn)
 c - a +0 buckler (worn)
Potions
 d - a potion of might

Dungeon Overview and Level Annotations

Branches:
Dungeon (1/15)

Altars:


Message History

You hit the hobgoblin but do no damage.
The hobgoblin hits you but does no damage.
You hit the hobgoblin.
The hobgoblin is moderately wounded.
The hobgoblin hits you.
The endoplasm hits you but does no damage.
The hobgoblin barely misses you.
You hit the hobgoblin but do no damage.
The hobgoblin is moderately wounded.
You hit the endoplasm.
You kill the endoplasm!
You block the hobgoblin's attack.
You slash the hobgoblin!
You kill the hobgoblin!
Found a ring mail.
Enter note: You open the door.
A gnoll comes into view. It is wielding a +0 flail.
The gnoll shouts!
There is an open door here.
Enter note: You barely miss the gnoll.
The gnoll hits you with a +0 flail. x2
You barely miss the gnoll. The gnoll closely misses you.
You hit the gnoll but do no damage. The gnoll barely misses you.
You hit the gnoll.
The gnoll is lightly wounded.
The gnoll hits you with a +0 flail. x2
You barely miss the gnoll.
The gnoll is lightly wounded.
The gnoll hits you with a +0 flail.
You closely miss the gnoll.
The gnoll is lightly wounded.
The gnoll closely misses you.
You hit the gnoll but do no damage.
The gnoll is lightly wounded.
The gnoll hits you with a +0 flail. x2
You die...

#.......#
#.......########
#####..........#
##.....)....#
############............
........................
#######.#####...........
#.# #...........
#@#######+#######.
#g........## #.
...#####...## #.
.#.#.###.#.#.## #.
.##.##.#.##.##.## #. .#
#.###.###.###.###.
##.####.##.#.##.####.##.
+......)).###.........'.
#..####.### ##.####%.#.


You could see a gnoll.

Vanquished Creatures
  A dart slug (D:1)
  An endoplasm (D:1)
  3 hobgoblins (D:1)
  4 jackals (D:1)
  2 ball pythons (D:1)
  A frilled lizard (D:1)
  2 kobolds (D:1)
14 creatures vanquished.

Notes
Turn   | Place    | Note
-------+----------+-------------------------------------------
     0 | D:1      | qw the Gargoyle Fighter began the quest for the Orb.
     0 | D:1      | Reached XP level 1. HP: 14/14 MP: 1/1
     0 | D:1      | 0 ||| qw: Version: 0.2-a-29-g0080da8
     0 | D:1      | 0 ||| qw: Game counter: 3838
     0 | D:1      | 0 ||| qw: Always use a shield: true
     0 | D:1      | 0 ||| qw: God list: Okawaru
     0 | D:1      | 0 ||| qw: Allow faded altars: false
     0 | D:1      | 0 ||| qw: Do Orc after D:15 true
     0 | D:1      | 0 ||| qw: Do second Lair branch before Depths: true
     0 | D:1      | 0 ||| qw: Lair rune preference: random
     0 | D:1      | 0 ||| qw: Plans: Normal, Zot:1-4, Slime:5, God:TSO, Crypt,
                  | Tomb, Abyss, Pan, Hells, Win
     0 | D:1      | 0 ||| PLANNING D:1-11
    81 | D:1      | Reached XP level 2. HP: 14/19 MP: 2/2
   174 | D:1      | HP: 3/19 [gnoll/+0 flail (6)]
   176 | D:1      | Slain by a gnoll

Levels and vault maps discovered:
D:1:      roderic_octagonal_star, layout_rooms, ebering_ecumenical_altar_box,
          minmay_distorted

Skill      XL: |  1 |
---------------+----+-----
Axes           | 2 |  2.9
Fighting       | |  3.2
Armour         | |  3.2
Shields        | |  3.2

Action                     || total
---------------------------++-------
  Melee: War axe           ||    49
 Armour: Scale mail        ||    27
  Dodge: Dodged            ||    37
  Block: Buckler           ||    10

Table legend:
 A = Non-vault XP
 B = Vault XP
 C = Vault XP percentage of total XP
 D = Non-vault monster count
 E = Vault monster count
 F = Vault count percentage of total count
                 A         B        C        D         E       F
            +---------+---------+-------+---------+---------+-------
      Total |      26 |       0 |   0.0 |      14 |       0 |   0.0
            +---------+---------+-------+---------+---------+-------
        D:1 |      26 |       0 |   0.0 |      14 |       0 |   0.0
            +---------+---------+-------+---------+---------+-------
